 Dungeon Crawl Stone Soup version 0.18-a0-1773-gec4f98e (webtiles) character file.

495 dobroeutro the Shield-Bearer (level 7, 0/44 HPs)
             Began as a Gargoyle Fighter on Apr 14, 2016.
             Slain by vev's ghost (4 damage)
             ... on level 4 of the Dungeon.
             The game lasted 00:06:38 (2927 turns).

dobroeutro the Shield-Bearer (Gargoyle Fighter)     Turns: 2927, Time: 00:06:39

Health: 0/44       AC: 14    Str: 25    XL:     7   Next: 15%
Magic:  0/7        EV:  8    Int:  9    God:
Gold:   186        SH: 10    Dex: 10    Spells: 0 memorised, 6 levels left

rFire  . . .     SeeInvis .     y - +2 whip (venom)
rCold  + . .     Gourm    .     s - +2 scale mail {rC+}
rNeg   + . .     Faith    .     c - +0 shield
rPois  ∞         Spirit   +     (no helmet)
rElec  +         Dismiss  .     (no cloak)
rCorr  .         Reflect  .     (no gloves)
SustAt .         Harm     .     (no boots)
MR     .....                    l - amulet of guardian spirit
Stlth  ..........               (no ring)
                                (no ring)

@: mighty, not resistant to hostile enchantments, extremely unstealthy
A: negative energy resistance 1, electricity resistance, unbreathing,
petrification resistance, rot immunity, AC +4
a: no special abilities


You were on level 4 of the Dungeon.
You were hungry.

You visited 1 branch of the dungeon, and saw 4 of its levels.

You collected 186 gold pieces.

Inventory:

Hand Weapons
 a - a +0 flail
 y - a +2 whip of venom (weapon)
Armour
 c - a +0 shield (worn)
 s - a +2 scale mail of cold resistance (worn)
Jewellery
 l - an amulet of guardian spirit (around neck)
Scrolls
 e - 3 scrolls of identify {unknown}
 h - a scroll of amnesia {unknown}
 j - 2 scrolls of enchant weapon {unknown}
 n - 3 scrolls of teleportation {unknown}
 o - a scroll of blinking {unknown}
 t - 2 scrolls of enchant armour {unknown}
 x - a scroll of immolation {unknown}
Potions
 g - 2 potions of mutation {unknown}
 k - a potion of resistance {unknown}
 p - a potion of cancellation {unknown}
 q - a potion of invisibility
 r - 2 potions of flight {unknown}
 u - a potion of degeneration {unknown}
 w - a potion of lignification {unknown}
Comestibles
 f - 3 bread rations
 i - 3 beef jerkies
 m - 4 meat rations


   Skills:
 + Level 5.0 Fighting
 + Level 3.9 Maces & Flails
 + Level 5.2 Armour
 + Level 5.4 Shields


You had 6 spell levels left.
You didn't know any spells.

Dungeon Overview and Level Annotations

Branches:
Dungeon (4/15)
 Temple: D:4-7

Altars:
Gozag
Yredelemnul

Annotations:
D:4 vev's ghost, novice TrTm


Innate Abilities, Weirdness & Mutations

You are resistant to torment.
Your stone body is resilient (AC +4).
You are immune to poison.
You resist negative energy.
You are resistant to electric shocks.
You can survive without breathing.
You are immune to petrification.
You are immune to rotting.


Message History

Vev's ghost is lightly damaged.
Vev's ghost barely misses you.
You hit vev's ghost.
Vev's ghost is lightly damaged.
Vev's ghost hits you but does no damage.
You completely miss vev's ghost.
Vev's ghost is lightly damaged.
Vev's ghost hits you!
* * * LOW HITPOINT WARNING * * *
You whack vev's ghost!
Vev's ghost is moderately damaged.
You whack vev's ghost!
Vev's ghost is heavily damaged.
You are feeling hungry.
Vev's ghost hits you.
* * * LOW HITPOINT WARNING * * *
You whack vev's ghost!
Vev's ghost is severely damaged.
Vev's ghost hits you.
You die...

#.......###.......##
#......####.....##
##.......######### .
#....<....#
#.#.........#
#...........#
.............#
####.....W...#
#.....@...#
#.....$...#
#.........#
#.........#
#.........#
##.......##
##.....## #######


You could see vev's ghost.

Vanquished Creatures
  The ghost of Dengwing the Skirmisher, an amateur DsSk (D:3)
  An orc priest (D:3)
  3 orc wizards (D:3)
  Jessica (D:2)
  An iguana (D:4)
  Ijyb (D:2)
  A worker ant (D:4)
  5 adders
  2 oozes
  2 worms
  A dart slug (D:2)
  2 giant geckos
  12 orcs
  A ball python (D:1)
  11 bats
  4 giant cockroaches
  7 goblins
  8 hobgoblins
  6 jackals
  6 kobolds
  A giant newt (D:1)
  7 rats
84 creatures vanquished.

Notes
Turn   | Place    | Note
--------------------------------------------------------------
     0 | D:1      | dobroeutro the Gargoyle Fighter began the quest for the Orb.
     0 | D:1      | Reached XP level 1. HP: 14/14 MP: 1/1
    50 | D:1      | Reached XP level 2. HP: 7/19 MP: 2/2
   238 | D:1      | Reached XP level 3. HP: 9/23 MP: 3/3
  1278 | D:2      | Noticed Jessica
  1289 | D:2      | Killed Jessica
  1289 | D:2      | Reached XP level 4. HP: 16/29 MP: 1/4
  1435 | D:2      | Noticed Ijyb
  1464 | D:2      | Killed Ijyb
  1527 | D:3      | Found an opulent altar of Gozag.
  1533 | D:2      | Reached XP level 5. HP: 32/33 MP: 5/5
  1787 | D:3      | Found a basalt altar of Yredelemnul.
  1843 | D:3      | Noticed an orc warrior
  2108 | D:3      | Reached XP level 6. HP: 29/39 MP: 6/6
  2209 | D:3      | Noticed Dengwing's ghost (amateur DsSk)
  2243 | D:3      | Reached skill level 5 in Shields
  2270 | D:3      | Killed Dengwing's ghost
  2270 | D:3      | Reached skill level 5 in Armour
  2441 | D:3      | Reached XP level 7. HP: 44/44 MP: 7/7
  2589 | D:4      | Noticed vev's ghost (novice TrTm)
  2920 | D:4      | Reached skill level 5 in Fighting
  2927 | D:4      | Slain by vev's ghost

Vault maps used:
D:1:      minmay_arrival_jagged
D:2:      grunt_decor_mini_mirrors, uniq_jessica, uniq_iyjb
D:3:      lemuel_crystal_altar, yredelemnul_altar_generic
D:4:      tso_altar, first_bread, uniq_edmund

Skill      XL: |  1  2  3  4  5  6  7 |
---------------+----------------------+-----
Shields        | 4 5 |  5.4
Armour         | 4 5 |  5.2
Fighting       | 4 5 |  5.0
Maces & Flails | 3 |  3.9

Action                   |  1- 3 |  4- 6 |  7- 9 || total
-------------------------+-------+-------+-------++-------
Melee: Flail             |   141 |   219 |       ||   360
       Whip              |       |    26 |    32 ||    58
  Use: Potion            |       |       |     1 ||     1
  Eat: Chunk             |     1 |     5 |     1 ||     7
Armor: Scale mail        |    99 |   164 |     9 ||   272
Dodge: Dodged            |    48 |    62 |     5 ||   115
Block: Shield            |    79 |   117 |     5 ||   201
